 Dungeon Crawl Stone Soup version 0.25-a0-290-g4a1327ee3a (webtiles) character file.

Game seed: 2146599317262691899, levelgen mode: deterministic

15 night the Grasshopper (level 2, -1/27 HPs)
             Began as a Naga Warper on Dec 13, 2019.
             Slain by Terence
             ... wielding a +0 mace
              (4 damage)
             ... on level 2 of the Dungeon.
             The game lasted 00:01:24 (858 turns).

night the Grasshopper (Naga Warper)                  Turns: 858, Time: 00:01:24

Health: -1/27      AC:  2    Str: 13    XL:     2   Next: 50%
Magic:  5/5        EV:  9    Int: 13    God:
Gold:   43         SH:  0    Dex: 10    Spells: 5/5 levels left

rFire    . . .     SeeInvis +   a - +0 hand axe
rCold    . . .     Gourm    .   (no shield)
rNeg     . . .     Faith    .   b - +0 leather armour
rPois    +         Spirit   .   (no helmet)
rElec    .         Reflect  .   (no cloak)
rCorr    .         Harm     .   (no gloves)
MR       .....                  (no barding)
Stlth    +.........             (no amulet)
HPRegen  0.09/turn              (no ring)
MPRegen  0.09/turn              (no ring)

@: short of breath, very slow
A: large, see invisible, deformed body, poison resistance, slowness 2, slow
metabolism 1, spit poison 1, AC +0
a: Spit Poison


You were on level 2 of the Dungeon.
You were not hungry.

You visited 1 branch of the dungeon, and saw 2 of its levels.

You collected 43 gold pieces.

Inventory:

Hand Weapons
 a - a +0 hand axe (weapon)
Missiles
 e - 5 boomerangs of dispersal (quivered)
Armour
 b - a +0 leather armour (worn)
Scrolls
 c - a scroll of random uselessness {unknown}
 d - a scroll of blinking
 i - a scroll of remove curse {unknown}
 j - a scroll of identify {unknown}
Potions
 h - a potion of heal wounds {unknown}
Comestibles
 f - 4 rations


   Skills:
 + Level 2.5 Fighting
 + Level 2.5 Axes
 - Level 0.8 Throwing
 - Level 0.7 Armour
 - Level 1.5 Dodging
 - Level 2.0 Spellcasting
   Level 3.0 Translocations


You had 5 spell levels left.
You didn't know any spells.
Your spell library contained the following spells:

 Spells                   Type           Power        Failure   Level  Hunger
 Blink                    Tloc           N/A          14%         2    ###....
 Shroud of Golubria       Chrm/Tloc      #.....       26%         2    ###....
 Gell's Gravitas          Tloc           #.........   28%         3    ####...
 Lesser Beckoning         Tloc           #.........   28%         3    ####...
 Teleport Other           Tloc           #.......     28%         3    ####...
 Passage of Golubria      Tloc           N/A          67%         4    #####..


Dungeon Overview and Level Annotations

Branches:
Dungeon (2/15)

Altars:

Annotations:
D:2 Terence


Innate Abilities, Weirdness & Mutations

You cannot wear boots.
Your serpentine skin is tough. (AC +0)
You have supernaturally acute eyesight. (SInv)
Armour fits poorly on your strangely shaped body.
Your system is resistant to poisons. (rPois)
You cover ground very slowly.
You have a slow metabolism.
You can spit poison.


Message History

You feel slightly more hungry.
The goblin shouts!
You hear a shout!
Terence hits you with a +0 mace.
You have got your breath back.
Terence says, "Don't bother to defend, it's senseless."
Terence hits you with a +0 mace.
Press: ? - help, Shift-Dir - straight line, f - goblin, p - Terence
Aim: a goblin The splash of poison hits Terence.
Terence is poisoned.
Terence is moderately wounded.
You feel slightly more hungry. Terence hits you with a +0 mace!
* * * LOW HITPOINT WARNING * * *
Terence shouts, "Now you die!" Terence hits you but does no damage.
You hit Terence.
Terence is heavily wounded.
You hit the goblin.
You kill the goblin!
Terence hits you with a +0 mace.
You die...

######### #########
#.......#
#########.......###.......#
#..........@@.............#
#.......#######..##..!....#
#....#### ##..........#
#.<..# ####.[.....# ######
..####... .... # ...g..
........ .........#


You could see Terence.

Vanquished Creatures
  7 bats (D:1)
  A goblin (D:2)
  A hobgoblin (D:1)
  2 kobolds (D:1)
  2 frilled lizards (D:2)
  3 rats (D:1)
16 creatures vanquished.

Notes
Turn   | Place    | Note
-------+----------+-------------------------------------------
     0 | D:1      | night the Naga Warper began the quest for the Orb.
     0 | D:1      | Reached XP level 1. HP: 19/19 MP: 3/3
   220 | D:1      | Reached XP level 2. HP: 17/27 MP: 5/5
   843 | D:2      | Noticed Terence
   858 | D:2      | Slain by Terence

Levels and vault maps discovered:
D:1:      dpeg_arrival_tiny_h, layout_loops_ring
D:2:      layout_rooms, makhleb_blood_cavern_becter, uniq_natasha, uniq_terence

Action                   || total
-------------------------++-------
Melee: Hand axe          ||    41
 Abil: Spit Poison       ||     3
Armor: Leather armour    ||    15
Dodge: Dodged            ||    25

Table legend:
 A = Non-vault XP
 B = Vault XP
 C = Vault XP percentage of total XP
 D = Non-vault monster count
 E = Vault monster count
 F = Vault count percentage of total count
                 A         B        C        D         E       F
            +---------+---------+-------+---------+---------+-------
      Total |      22 |       0 |   0.0 |      16 |       0 |   0.0
            +---------+---------+-------+---------+---------+-------
        D:1 |      18 |       0 |   0.0 |      13 |       0 |   0.0
        D:2 |       4 |       0 |   0.0 |       3 |       0 |   0.0
            +---------+---------+-------+---------+---------+-------
